Map: 往日神庙

Players

樱小路露娜

  • Race: Protoss Protoss
  • Spawn Location: 0:00

美琴大人

  • Race: Terran Terran
  • Spawn Location: 0:00

VOD

Have the link to the VOD?

Description

Time

  • Played on: March 2, 2018, 8:08 a.m.
  • Length: 26:30
Show
View Real Time Build Order
Export as new Build Order

樱小路露娜 Protoss 

Build Orders:  

Get SALT Encoding   

  12  0:03  Probe (Chrono Boost)  
  13  0:15  Probe (Chrono Boost)  
  14  0:28  Probe (Chrono Boost)  
  15  0:32  Pylon  
  15  0:40  Probe (Chrono Boost)  
  15  0:47  Assimilator  
  16  0:52  Probe (Chrono Boost)  
  17  1:05  Probe (Chrono Boost)  
  17  1:08  Robotics Bay  
  18  1:17  Assimilator  
  18  1:20  Probe (Chrono Boost)  
  19  1:32  Probe (Chrono Boost)  
  20  1:45  Probe (Chrono Boost)  
  20  1:46  Robotics Facility  
  21  2:06  Gateway  
  21  2:08  Cybernetics Core  
  21  2:10  Forge  
  21  2:14  Warbringer's A.I. Personality  
  21  2:32  Colossus  
  21  2:56  Purifier Armaments  
  27  3:09  Warp Gate  
  27  3:11  Legionnaire  
  27  3:19  Kaldalis' A.I. Personality  
  30  3:59  Taldarin's A.I. Personality  
  30  4:06  Immortal  
  30  4:08  Purification Blast  
  34  4:55  Pylon  
  34  4:56  Protoss Ground Weapons Level 1  
  34  4:59  Talis' A.I. Personality  
  31  5:25  Gateway  
  31  5:26  Gateway  
  31  5:39  Legionnaire  
  34  5:53  Pylon  
  34  6:07  Conservator  
  36  6:31  Gateway  
  36  6:40  Adept  
  38  6:54  Adept x2  
  42  7:49  Conservator  
  42  7:52  Adept x2  
  42  7:53  Adept  
  42  7:57  Twilight Council  
  48  8:00  Protoss Ground Weapons Level 2  
  48  8:06  Pylon  
  49  8:13  Probe (Chrono Boost)  
  49  8:29  Conservator  
  52  8:30  Probe (Chrono Boost)  
  52  8:39  Stargate  
  52  8:42  Fleet Beacon  
  52  8:46  Twilight Council  
  52  8:47  Probe (Chrono Boost)  
  53  8:53  Protoss Air Weapons Level 1  
  53  9:01  Empowered Blades  
  53  9:12  Pylon  
  53  9:14  Adept x2  
  53  9:15  Adept  
  53  9:16  Legionnaire  
  50  9:48  Adept  
  48  9:57  Colossus  
  54  10:01  Psionic Projection  
  54  10:02  Clolarion's A.I. Personality  
  54  10:27  Adept  
  54  10:29  Legionnaire  
  59  10:42  Conservator  
  61  10:53  Observation Protocol  
  61  11:01  Debilitation System, Conservator  
  61  11:02  Mojo's A.I. Personality  
  61  11:22  Legionnaire x2  
  67  11:38  Carrier  
  73  12:16  Interdictors  
  73  12:26  Legionnaire  
  76  12:46  Protoss Ground Weapons Level 3  
  76  13:02  Legionnaire x2  
  82  13:30  Scout  
  82  13:38  Protoss Air Weapons Level 2  
  85  14:31  Pylon  
  85  14:34  Pylon  
  85  14:37  Pylon  
  85  14:42  Conservator, Pylon  
  85  14:45  Pylon  
  85  15:03  Adept x3  
  85  15:04  Adept  
  93  15:38  Adept x2  
  93  15:39  Adept x2  
  101  16:03  Legionnaire  
  101  16:05  Pylon  
  105  16:14  Probe (Chrono Boost)  
  106  16:31  Probe (Chrono Boost)  
  106  16:39  Conservator  
  106  16:45  Adept x3  
  106  16:48  Probe (Chrono Boost)  
  113  17:05  Adept  
  115  17:29  Adept  
  117  17:30  Adept x3  
  123  17:48  Pylon  
  124  17:53  Conservator x2  
  124  17:54  Conservator, Probe (Chrono Boost)  
  130  18:02  Conservator  
  131  18:11  Probe (Chrono Boost)  
  131  18:44  Adept x2  
  131  18:45  Adept x2  
  139  19:01  Conservator  
  135  19:58  Conservator x2  
  139  20:09  Pylon  
  139  20:38  Adept x2  
  139  20:39  Adept x2  
  145  21:10  Pylon, Legionnaire  
  145  21:11  Conservator  
  148  21:22  Pylon  
  148  21:25  Conservator  
  148  21:27  Pylon  
  148  21:31  Pylon  
  148  21:34  Pylon  
  148  21:41  Legionnaire x3  
  157  21:52  Conservator  
  159  22:16  Adept  
  159  22:17  Adept  
  163  22:21  Adept, Conservator  
  165  22:52  Adept x3  
  165  22:53  Adept  
  173  23:13  Gateway  
  173  23:15  Gateway  
  173  23:18  Pylon  
  173  23:20  Conservator, Pylon  
  173  23:21  Conservator x3  
  178  23:57  Adept  
  178  23:58  Adept x3  
  186  24:24  Adept  
  186  24:25  Adept x2  
  186  24:26  Adept  
  194  25:06  Adept  
  194  25:07  Adept x2  
  200  25:23  Conservator  
  200  25:24  Conservator  
Show
View Real Time Build Order
Export as new Build Order

美琴大人 Terran 

Build Orders:  

Get SALT Encoding   

  12  0:03  SCV  
  13  0:20  SCV  
  13  0:24  Refinery  
  14  0:37  SCV  
  15  0:40  Supply Depot  
  15  0:53  SCV  
  16  1:10  SCV  
  16  1:12  Barracks  
  17  1:27  SCV  
  18  1:45  Orbital Command  
  18  1:54  Factory  
  18  2:07  Barracks Tech Lab  
  18  2:21  SCV  
  19  2:43  Barracks Reactor  
  19  3:01  Vulture  
  19  3:02  Replenishable Magazine  
  19  3:04  Command Center  
  21  3:13  SCV  
  22  3:31  Vulture, Supply Depot  
  24  3:41  Vulture  
  24  3:49  Marine x2  
  26  3:51  Vulture  
  30  4:12  Vulture  
  28  4:24  Vulture  
  26  4:34  Vulture  
  28  4:42  Marine  
  28  4:43  Marine  
  28  4:45  Vulture  
  32  4:53  Marine x2  
  32  4:55  Vulture  
  36  5:05  Vulture  
  38  5:28  Marine  
  38  5:29  Marine  
  38  5:39  Marine x2  
  40  5:49  Marine x2  
  42  5:59  Marine x2  
  44  6:09  Marine x2  
  42  6:19  Marine  
  42  6:20  Marine  
  42  6:29  Marine  
  44  6:30  Marine  
  44  6:40  Marine x2  
  42  6:50  Marine x2  
  44  7:00  Marine x2  
  46  7:39  Barracks Tech Lab  
  46  7:51  Vulture, Supply Depot  
  48  8:01  Vulture  
  48  8:04  Medic  
  48  8:09  Barracks  
  52  8:13  Orbital Command  
  52  8:14  SCV  
  53  8:26  Engineering Bay  
  53  8:28  Medic, Vulture, Supply Depot  
  53  8:31  SCV  
  53  8:38  Medic, Vulture  
  62  8:54  Barracks  
  62  9:23  Medic, Supply Depot  
  62  9:26  SCV  
  65  9:31  Terran Infantry Weapons Level 1  
  65  9:32  Barracks Tech Lab  
  65  9:33  Medic, Vulture  
  65  9:34  Engineering Bay  
  69  9:42  SCV  
  70  10:03  SCV  
  70  10:05  Vulture, SCV  
  70  10:09  Marine x3  
  68  10:19  Marine x3  
  65  10:20  SCV  
  65  10:29  Marine x3  
  66  10:39  Marine x2  
  65  10:40  Marine  
  70  11:02  Marine x3  
  70  11:04  SCV  
  70  11:05  Supply Depot, SCV  
  70  11:06  Supply Depot, Terran Infantry Armor Level 1  
  55  11:20  Medic x3  
  55  11:21  SCV  
  55  11:22  SCV  
  63  11:30  Medic x2, Vulture x2  
  63  11:31  Marine  
  63  11:38  SCV  
  63  11:39  SCV  
  74  11:40  Marine  
  74  11:41  Marine x2  
  77  11:50  Marine  
  77  11:51  Marine x2  
  77  11:55  SCV  
  77  11:56  SCV  
  82  12:01  Marine, Vulture  
  85  12:15  Supply Depot  
  85  12:16  Vulture  
  85  12:17  Supply Depot  
  87  12:20  Supply Depot  
  87  12:23  Armory  
  87  12:30  Refinery  
  87  12:46  SCV  
  88  13:03  SCV  
  89  13:14  Medic x2  
  89  13:19  Supply Depot  
  93  13:20  Supply Depot, SCV  
  94  13:37  Vulture x2, SCV  
  99  13:54  SCV  
  100  14:09  Stabilizer Medpacks  
  100  14:18  Marine x3  
  100  14:22  Vulture x2  
  100  14:28  Marine x3  
  107  14:32  Vulture x2  
  107  14:34  Supply Depot  
  107  14:36  Supply Depot  
  107  14:38  Marine x3  
  107  14:39  Supply Depot  
  114  14:42  Supply Depot, Vulture  
  114  14:43  Vulture  
  114  14:44  Supply Depot  
  114  14:48  Marine x2  
  114  14:49  Marine  
  121  14:58  Marine  
  121  14:59  Marine x2  
  127  15:12  Combat Shields  
  127  15:16  Terran Infantry Weapons Level 2  
  127  15:26  Terran Infantry Armor Level 2  
  127  15:42  Marine x3  
  130  15:52  Marine x3  
  133  16:02  Marine  
  133  16:03  Marine x2  
  136  16:12  Marine  
  136  16:13  Marine x2  
  139  16:23  Marine x3  
  142  16:33  Medic  
  144  17:00  Medic x3  
  150  17:39  Supply Depot  
  150  17:42  Supply Depot  
  150  17:44  Supply Depot  
  150  17:47  Supply Depot  
  150  17:48  Medic  
  150  17:49  Medic  
  150  17:50  Supply Depot  
  154  18:08  Marine  
  154  18:09  Marine x2  
  133  18:19  Marine x3  
  129  18:26  Vulture x2  
  129  18:29  Marine x3  
  132  18:36  Vulture x2  
  132  18:39  Marine x3  
  139  18:49  Marine x3  
  142  18:59  Marine  
  145  19:00  Marine x2  
  116  19:10  Marine x3  
  151  19:53  Terran Infantry Weapons Level 3  
  150  20:27  Marine x3  
  151  20:35  Terran Infantry Armor Level 3  
  151  20:37  Marine x3  
  153  20:47  Marine x2  
  158  22:03  Medic x2  
  158  22:06  Marine  
  163  22:13  Marine x2  
  163  22:16  Marine  
  166  22:23  Marine  
  166  22:24  Marine  
  166  22:27  Marine  
  169  22:34  Marine x2  
  169  22:37  Marine  
  171  22:44  Marine x2  
  171  22:47  Marine  
  174  22:54  Marine x2  
  174  22:57  Marine  
  177  23:04  Medic, Marine  
  177  23:07  Medic  
  181  23:14  Marine  
  181  23:15  Marine  
Tags
 
Commander
FenixRaynor
Matchup
Co-op
Replay Pack
Co-op Speedrun
Add a new tag
Caveats
  • Supply blocks, unpowered buildings, or Contaminate may cause inaccurate times.
  • Supply counts are checked every 10 seconds.